 Dungeon Crawl Stone Soup version 0.31.0-32-g396128a36d (webtiles) character file.

Game seed: 11362094440680481987

1100 PaiMei the Grave Robber (level 8, 54/60 HPs)
             Began as a Demonspawn Necromancer on Apr 11, 2024.
             Quit the game on level 6 of the Dungeon.
             The game lasted 00:07:03 (4577 turns).

PaiMei the Grave Robber (Demonspawn Necromancer)    Turns: 4577, Time: 00:07:04

Health: 54/60      AC:  3    Str:  8    XL:     8   Next: 10%
Magic:  13/15      EV: 14    Int: 19    God:
Gold:   288        SH:  0    Dex: 17    Spells: 12/16 levels left

rFire   . . .        d - +0 mace
rCold   . . .        (no shield)
rNeg    . . .        a - +0 robe
rPois   +            (no helmet)
rElec   .            (no cloak)
rCorr   .            (no gloves)
SInv    .            z - +0 pair of boots
Will    .....        (no amulet)
Stlth   ++++         t - ring of poison resistance
HPRegen 0.30/turn    w - ring of wizardry
MPRegen 0.28/turn

%: guardian spirit, wizardry (x1)
@: no status effects
A: thin skeletal structure 2, magic shield, magic regeneration, demonic touch 1
a: no special abilities


You were on level 6 of the Dungeon.
You visited 1 branch of the dungeon, and saw 6 of its levels.

You collected 288 gold pieces.

Inventory:

Hand Weapons
 d - a +0 mace (weapon)
Missiles
 p - 2 poisoned darts (quivered)
Armour
 a - a +0 robe (worn)
 z - a +0 pair of boots (worn)
Jewellery
 t - a ring of poison resistance (left hand)
 w - a ring of wizardry (right hand)
 C - a ring of protection from fire
Wands
 y - a wand of iceblast (13)
 B - a wand of mindburst (10)
Scrolls
 c - a scroll of torment {unknown}
 e - 3 scrolls of teleportation {unknown}
 g - 4 scrolls of enchant weapon {unknown}
 h - 2 scrolls of identify {unknown}
 k - a scroll of summoning {unknown}
 l - 2 scrolls of immolation {unknown}
 m - a scroll of fear {unknown}
 n - a scroll of fog {unknown}
 s - a scroll of revelation {unknown}
 v - 2 scrolls of poison {unknown}
 x - a scroll of blinking {unknown}
Potions
 b - a potion of magic
 f - 2 potions of brilliance {unknown}
 i - 4 potions of curing {unknown}
 j - a potion of invisibility {unknown}
 o - a potion of mutation {unknown}
 q - 2 potions of heal wounds {unknown}
 r - a potion of attraction {unknown}
 u - a potion of experience {unknown}
 A - a potion of ambrosia {unknown}


   Skills:
 + Level 3.7 Fighting
 + Level 4.6 Dodging
 - Level 3.1 Stealth
 + Level 4.7 Spellcasting
 + Level 6.8 Necromancy


You had 12 spell levels left.
You knew the following spells:

 Your Spells              Type           Power      Damage    Failure   Level
a - Necrotise             Necr           100%       1d9       1%          1
b - Vampiric Draining     Necr           30%        2d8       1%          3

Your spell library contained the following spells:

 Spells                   Type           Power      Damage    Failure   Level
 Sublimation of Blood     Necr           30%        N/A       1%          2
 Animate Dead             Necr           30%        N/A       3%          4
 Blink                    Tloc           8%         N/A       8%          2
 Call Imp                 Summ           8%         N/A       8%          2
 Lesser Beckoning         Tloc           8%         N/A       8%          2
 Momentum Strike          Conj/Tloc      8%         3d8       8%          2
 Curse of Agony           Necr           30%        N/A       9%          5
 Martyr's Knell           Necr/Summ      17%        N/A       12%         4
 Summon Hydra             Summ           2%         N/A       100%        7


Dungeon Overview and Level Annotations

Branches:
Dungeon (6/15)
 Temple: D:4-7

Altars:
Ashenzari
Dithmenos
Xom
Yredelemnul

Shops:
D:1 (


Innate Abilities, Weirdness & Mutations

You have a moderately thin skeletal structure. (Dex +4, Stealth++)
When hurt, damage is shared between your health and your magic reserves.
You regenerate magic rapidly.
Your touch may inflict minor irresistible damage on your foes.


Message History

Casting: Necrotise (safe; 1% risk of failure)
Confirm with . or Enter, or press ? or * to list all spells.
Aiming: Vampiric Draining (safe; 1% risk of failure)
Press: ? - help, Shift-Dir - straight line, f/p - scorpion
Aim: a scorpion (heavily wounded)
You draw life force from the scorpion!
You kill the scorpion!
You have reached level 8!
You feel clever.
Your demonic ancestry asserts itself...
You feel your magical essence form a protective shroud around your flesh.
You hit the phantom.
The phantom is lightly damaged.
The phantom hits you.
You completely miss the phantom. Your touch misses the phantom.
The phantom is lightly damaged.
The phantom hits you.
The phantom blinks!
You blink.
The phantom hits you.
You hit the phantom.
The phantom is lightly damaged.
The phantom closely misses you.
You hit the phantom. Your touch misses the phantom.
The phantom is moderately damaged.
The phantom hits you.
The phantom blinks!
You blink.
You closely miss the phantom.
The phantom is moderately damaged.
The phantom misses you. The phantom barely misses you.
You hit the phantom.
You touch the phantom!
The phantom is severely damaged.
The phantom barely misses you.
You hit the phantom.
The phantom is severely damaged.
The phantom hits you.
The phantom blinks!
You blink.
The phantom misses you. The phantom completely misses you.
You closely miss the phantom.
You touch the phantom.
The phantom is almost destroyed.
The phantom closely misses you.
You completely miss the phantom.
You touch the phantom.
You destroy the phantom!
C - a ring of protection from fire
Okay, then.
Are you sure you want to abandon this character and quit the game? (Confirm with "yes".)

#.<...............#
##########........#
#...)......
#.######.####
#.#.........#
#.#.........#
#...........#
###†........#
#...@.....#
#.........#
#.........#
#.........#
#.........#
#.........#
###########


There were no monsters in sight!

Vanquished Creatures
  A water moccasin (D:5)
  An orc warrior (D:5)
  2 ogres (D:5)
  A phantom (D:6)
  4 scorpions
  An orc priest (D:5)
  A jelly (D:5)
  A sleepcap (D:5)
  3 hounds
  Jessica (D:3)
  2 orc wizards (D:4)
  3 gnolls (D:2)
  2 adders (D:3)
  2 ufetubi (D:6)
  2 dart slugs
  10 orcs
  5 bats
  4 endoplasms
  7 giant cockroaches
  3 hobgoblins
  2 jackals (D:4)
  A quokka (D:2)
  11 ball pythons
  2 frilled lizards
  10 goblins
  8 kobolds
  9 rats
99 creatures vanquished.

Vanquished Creatures (collateral kills)
  An orc priest (D:5)
  2 goblins
  3 ball pythons
  A frilled lizard (D:3)
  A rat (D:3)
8 creatures vanquished.

Grand Total: 107 creatures vanquished

Notes
Turn   | Place    | Note
-------+----------+-------------------------------------------
     0 | D:1      | PaiMei the Demonspawn Necromancer began the quest for the
                  | Orb.
     0 | D:1      | Reached XP level 1. HP: 13/13 MP: 3/3
   123 | D:1      | Found Netoaddui's Antique Weapon Boutique.
   275 | D:1      | Gained mutation: You have a somewhat thin skeletal
                  | structure. (Dex +2, Stealth+) [demonic ancestry]
   275 | D:1      | Reached XP level 2. HP: 19/19 MP: 1/5
   711 | D:1      | You fall into a shaft and drop 1 floor!
   711 | D:2      | Found a shadowy altar of Dithmenos.
   833 | D:2      | Reached XP level 3. HP: 24/24 MP: 2/6
  1718 | D:2      | Gained mutation: Your touch may inflict minor irresistible
                  | damage on your foes. [demonic ancestry]
  1718 | D:2      | Reached XP level 4. HP: 30/30 MP: 2/7
  2284 | D:3      | Reached skill level 5 in Necromancy
  2316 | D:3      | Found a broken altar of Ashenzari.
  2461 | D:3      | Noticed Jessica
  2465 | D:3      | Killed Jessica
  2744 | D:3      | Gained mutation: You regenerate magic rapidly. [demonic
                  | ancestry]
  2744 | D:3      | Reached XP level 5. HP: 31/35 MP: 5/9
  2841 | D:3      | Learned a level 3 spell: Vampiric Draining
  2928 | D:4      | Found a shadowy altar of Dithmenos.
  3038 | D:4      | Reached skill level 1 in Fighting
  3131 | D:4      | Found a basalt altar of Yredelemnul.
  3489 | D:5      | Entered Level 5 of the Dungeon
  3507 | D:5      | Gained mutation: You have a moderately thin skeletal
                  | structure. (Dex +4, Stealth++) [demonic ancestry]
  3507 | D:5      | Reached XP level 6. HP: 43/43 MP: 4/11
  3594 | D:5      | Noticed a water moccasin
  3608 | D:5      | Killed a water moccasin
  3730 | D:5      | Noticed an orc warrior
  3903 | D:5      | Reached skill level 6 in Necromancy
  3903 | D:5      | Reached XP level 7. HP: 41/51 MP: 0/12
  4456 | D:5      | Found a shimmering altar of Xom.
  4555 | D:6      | Gained mutation: When hurt, damage is shared between your
                  | health and your magic reserves. [demonic ancestry]
  4555 | D:6      | Reached XP level 8. HP: 59/59 MP: 9/14
  4577 | D:6      | Quit the game

Illustrated notes

Levels and vault maps discovered:
D:1:      spicycebolla_green_bress_n_ham_2, layout_loops_ring, serial_shops,
          nicolae_shop_temple_entry_statues_fountains,
          nicolae_kite_square_tiling_tiny
D:2:      minmay_wonky_spiral, layout_basic, basic_altar
D:3:      layout_basic, evilmike_ruin_ashenzari, minmay_shallow_snake_nest,
          uniq_jessica
D:4:      layout_cave_pools, mainiacjoe_overflow_large_starburst, minivault_25,
          nrook_mini_backslash
D:5:      layout_cave_pools, mainiacjoe_overflow_chevrons,
          corexii_leaking_fountain
D:6:      layout_basic, mainiacjoe_overflow_alcove_2, minmay_three_doors

Skill      XL: |  1  2  3  4  5  6  7 |
---------------+----------------------+-----
Stealth        | 2 3 |  3.1
Dodging        | 2 3 4 |  4.6
Necromancy     | 5 6 |  6.8
Spellcasting   | 3 4 |  4.7
Fighting       | 1 2 3 |  3.7

Action                     |  1- 3 |  4- 6 |  7- 9 || total
---------------------------+-------+-------+-------++-------
  Melee: Mace              |    17 |     6 |    17 ||    40
         Punch             |     1 |       |       ||     1
         Touch             |       |     2 |     7 ||     9
   Cast: Necrotise         |    64 |   107 |    34 ||   205
         Vampiric Draining |       |     7 |     6 ||    13
   Stab: Sleeping          |       |       |     1 ||     1
 Armour: Robe              |    18 |    26 |    15 ||    59
  Dodge: Dodged            |    19 |    29 |    26 ||    74
